 Dungeon Crawl Stone Soup version 0.27-a0-59-gfbafd837a3 (webtiles) character file.

Game seed: 11468932698795154591

19474 kae the Grappler (level 12, -18/87 HPs)
             Began as an Octopode Transmuter on Jan 8, 2021.
             Was a High Priest of Ru.
             Blown up by a centaur (29 damage)
             ... with a disintegration bolt
             ... on level 2 of the Lair of Beasts.
             The game lasted 00:14:28 (18623 turns).

kae the Grappler (Octopode Transmuter)             Turns: 18623, Time: 00:14:28

Health: -18/87     AC:  1    Str: 20    XL:     12   Next: 69%
Magic:  25/25      EV: 21    Int: 15    God:    Ru [*****.]
Gold:   908        SH:  0    Dex: 19    Spells: 1/17 levels left

rFire    + . .     SeeInvis .     - Unarmed
rCold    x . .     Faith    .   (helmet restricted)
rNeg     . . .     Spirit   .   (no amulet)
rPois    .         Reflect  .   a - ring of magical power
rElec    .         Harm     .   d - ring of fire
rCorr    .         Rampage  .   m - +6 ring of strength
Will     .....                  k - ring of stealth
Stlth    ++++......             B - +6 ring of dexterity
HPRegen  0.24/turn              t - ring of wizardry
MPRegen  0.19/turn              (no ring)

@: no status effects
A: almost no armour, stealthy swim, amphibious, 7 rings, constrict 7, camouflage
1, gelatinous body 1, missing a hand, inability to use devices, hated by all
a: Renounce Religion, Draw Out Power, Power Leap, Apocalypse


You were on level 2 of the Lair of Beasts.
You worshipped Ru.
Ru was extremely pleased with you.
You visited 3 branches of the dungeon, and saw 14 of its levels.
You also visited: Ossuary.

You collected 992 gold pieces.
You spent 84 gold pieces at shops.

Inventory:

Jewellery
 a - a ring of magical power (left tentacle)
 d - a ring of fire (right tentacle)
 k - a ring of stealth (on tentacle)
 m - a +6 ring of strength (on tentacle)
 t - a ring of wizardry (on tentacle)
 B - a +6 ring of dexterity (on tentacle)
 C - a +6 ring of intelligence {unknown}
Wands
 i - a wand of iceblast (25)
 o - a wand of flame (41)
 r - a wand of paralysis (18)
 y - a wand of random effects (16)
Scrolls
 b - 7 scrolls of remove curse
 e - a scroll of enchant weapon
 n - 4 scrolls of amnesia
 p - 4 scrolls of identify
 v - a scroll of enchant armour
 z - 5 scrolls of teleportation
Potions
 f - a potion of ambrosia
 g - 5 potions of might
 h - 3 potions of heal wounds
 j - a potion of brilliance
 l - 3 potions of flight
 q - a potion of mutation
 s - 6 potions of curing
 w - a potion of magic {unknown}
 x - 2 potions of cancellation {unknown}
 A - 2 potions of attraction


   Skills:
 + Level 9.7 Fighting
 + Level 9.7 Dodging
 - Level 12.0 Unarmed Combat
 - Level 3.0 Spellcasting
 + Level 9.7 Transmutations
 - Level 4.0 Ice Magic


You had one spell level left.
You knew the following spells:

 Your Spells              Type           Power        Failure   Level
a - Beastly Appendage     Tmut           62%          1%          1
b - Spider Form           Tmut/Pois      8%           3%          3
c - Ice Form              Ice/Tmut       22%          4%          4
d - Blade Hands           Tmut           15%          4%          5
e - Mephitic Cloud        Conj/Pois/Air  2%           24%         3

Your spell library contained the following spells:

 Spells                   Type           Power        Failure   Level
 Magic Dart               Conj           8%           9%          1
 Wereblood                Tmut           31%          1%          2
 Blink                    Tloc           N/A          12%         2
 Slow                     Hex            2%           12%         2
 Conjure Flame            Conj/Fire      3%           24%         3
 Call Imp                 Summ           Unusable     N/A         2

Dungeon Overview and Level Annotations

Branches:
Dungeon (11/15)            Temple (1/1) D:6            Lair (1/6) D:8
  Snake (0/4) Lair:2          Orc (0/2) D:10        Ossuary (visited)

Altars:
Ashenzari
Cheibriados
Dithmenos
Elyvilon
Fedhas
Gozag
Hepliaklqana
Kikubaaqudgha
Makhleb
Nemelex Xobeh
Okawaru
Qazlal
Ru
Sif Muna
Trog
Uskayaw
Vehumet
Wu Jian
Xom
Yredelemnul
Zin
The Shining One
Lugonu

Shops:
D:10 [!*((


Innate Abilities, Weirdness & Mutations

You cannot wear most types of armour.
You are very stealthy in the water. (Stealth+)
You are amphibious.
You can wear up to seven rings at the same time.
You can use your tentacles to constrict seven enemies at once.
Your skin changes colour to match your surroundings (Stealth+).
Your rubbery body absorbs attacks. (AC +1, EV +1)
You are missing a hand.
You cannot study or use magical devices.
You are hated by all.


Message History

You start resting.
Your transformation is almost over.
You start resting.
You warm up again.
You start resting.
A centaur comes into view.
It is carrying a wand of disintegration (17).
The centaur shouts!
You tentacle-slap the plant.
The plant begins to die.
You grab the plant.
The plant is lightly damaged.
You constrict the plant.
The centaur zaps a wand.
You are blasted!
* * * LOW HITPOINT WARNING * * *
You release your grip on the plant.
A basilisk comes into view.
The centaur wields a +0 shortbow.
The centaur shoots an arrow.
The arrow misses you.
Things that are here:
a yak corpse; a yak corpse The centaur zaps a wand.
You resist with significant effort.
The centaur zaps a wand.
You are blasted!
You die...

#. #..# #...##
#...## ##...#
##..#.# #..##
##....# ##..#
#....##.÷l#
..##...##..# ## #
...........###.##.#
....c.....).......
.........@.....?..
........†.†.P#P##
.........†.(## #
....#♣♣..♣♣## ...#
♣..♣ ..# ♣♣.. >#
... .... .....


You could see a basilisk (wandering) and a centaur.

Vanquished Creatures
  A hydra (D:10)
  Erica (D:11)
  A queen ant (D:10)
  4 two-headed ogres
  Urug (D:10)
  3 black mambas (Lair:2)
  A cane toad (Lair:2)
  A komodo dragon (Lair:2)
  3 trolls
  Grinder (D:4)
  2 polar bears
  A spriggan (Lair:2)
  3 wyverns
  7 yaks (Lair:2)
  Grum (D:11)
  An acid dragon (D:11)
  Duvessa (D:7)
  20 soldier ants (D:10)
  4 water moccasins
  A sky beast (D:11)
  An orc warrior (D:8)
  7 ice beasts
  A black bear (Lair:2)
  7 ogres
  5 phantoms
  2 necrophages (D:9)
  5 wolves
  3 big kobolds
  10 bullfrogs
  Dowan (D:7)
  2 elf zombies (Ossuary)
  8 scorpions
  6 killer bees (D:10)
  14 wights
  2 howler monkeys
  A bullfrog zombie (D:5)
  A quasit (D:7)
  3 centaur zombies
  2 centaur skeletons
  9 hounds
  9 orc priests
  A jelly (D:10)
  A human zombie (Ossuary)
  A bullfrog skeleton (D:11)
  3 iguanas
  Natasha (thrice) (D:2)
  13 orc wizards
  29 worker ants
  A killer bee zombie (D:10)
  2 big kobold zombies (Ossuary)
  A hound skeleton (D:6)
  2 mummies (Ossuary)
  A howler monkey zombie (D:11)
  2 worker ant zombies
  Robin (D:4)
  A howler monkey skeleton (D:6)
  4 gnolls (D:7)
  10 adders
  3 shadow imps
  3 white imps
  An ufetubus (D:7)
  An adder zombie (D:6)
  3 oozes
  2 adder skeletons
  A dart slug (D:3)
  8 leopard geckos
  39 orcs
  4 ball pythons
  4 bats
  5 giant cockroaches
  2 gnoll zombies (D:9)
  14 goblins
  6 hobgoblins
  6 jackals
  17 kobolds
  3 quokkas
  4 frilled lizards
  A giant cockroach zombie (D:5)
  2 goblin zombies (Ossuary)
  2 hobgoblin zombies (Ossuary)
  2 leopard gecko skeletons (D:4)
  4 orc zombies (Ossuary)
  12 rats
382 creatures vanquished.

Vanquished Creatures (others)
  An ufetubus (D:9)
  19 fungi
  16 plants
36 creatures vanquished.

Grand Total: 418 creatures vanquished

Notes
Turn   | Place    | Note
-------+----------+-------------------------------------------
     0 | D:1      | kae the Octopode Transmuter began the quest for the Orb.
     0 | D:1      | Reached XP level 1. HP: 13/13 MP: 3/3
    32 | D:1      | Reached XP level 2. HP: 8/18 MP: 5/5
   658 | D:1      | Reached XP level 3. HP: 23/23 MP: 4/6
  1253 | D:2      | Noticed Natasha
  1259 | D:2      | Learned a level 3 spell: Spider Form
  1283 | D:2      | Found a blossoming altar of Fedhas.
  1862 | D:3      | Found a broken altar of Ashenzari.
  2039 | D:3      | Found an iron altar of Okawaru.
  2045 | D:3      | Reached XP level 4. HP: 29/29 MP: 5/7
  2403 | D:3      | Found an opulent altar of Gozag.
  2771 | D:4      | Reached skill level 4 in Unarmed Combat
  2771 | D:4      | Reached XP level 5. HP: 23/34 MP: 1/9
  2966 | D:4      | Found a sacrificial altar of Ru.
  2981 | D:4      | Noticed an ogre
  3375 | D:4      | Noticed Grinder
  3390 | D:4      | Reached XP level 6. HP: 29/41 MP: 8/10
  3422 | D:4      | Killed Grinder
  3423 | D:4      | Reached skill level 5 in Unarmed Combat
  3423 | D:4      | Reached XP level 7. HP: 11/46 MP: 11/11
  4230 | D:4      | Noticed Robin
  4236 | D:4      | Killed Robin
  4698 | D:2      | Killed Natasha
  4766 | D:2      | Found a blossoming altar of Fedhas.
  4772 | D:2      | Noticed Natasha
  4781 | D:2      | Killed Natasha
  5105 | D:2      | Noticed Natasha
  5119 | D:2      | Killed Natasha
  5309 | D:2      | Found a blossoming altar of Fedhas.
  5634 | D:5      | Entered Level 5 of the Dungeon
  5831 | D:5      | Reached skill level 6 in Unarmed Combat
  5831 | D:5      | Reached XP level 8. HP: 54/54 MP: 12/12
  7111 | D:6      | Found a staircase to the Ecumenical Temple.
  7123 | D:6      | Reached skill level 7 in Unarmed Combat
  7250 | Temple   | Entered the Ecumenical Temple
  7406 | D:4      | Became a worshipper of Ru the Awakened
  7655 | D:6      | Reached skill level 5 in Transmutations
  7800 | D:6      | Reached skill level 5 in Dodging
  8319 | D:7      | Reached XP level 9. HP: 52/60 MP: 13/13
  8611 | D:7      | Reached skill level 5 in Fighting
  8832 | D:7      | Noticed Dowan
  8833 | D:7      | Noticed Duvessa
  8891 | D:7      | Found a shimmering altar of Xom.
  8909 | D:7      | Killed Duvessa
  8982 | D:7      | Reached skill level 8 in Unarmed Combat
  9050 | D:7      | Killed Dowan
  9676 | D:7      | Gained mutation: You are missing a hand. [Ru sacrifice]
  9676 | D:7      | Reached * piety under Ru
  9676 | D:7      | Reached ** piety under Ru
  9676 | D:7      | Reached *** piety under Ru
  9874 | D:7      | Found a radiant altar of Vehumet.
  9987 | D:7      | Found a snail-covered altar of Cheibriados.
 10067 | D:8      | Found a sand-covered staircase.
 10073 | D:8      | Noticed a two-headed ogre
 10076 | Ossuary  | Entered an ossuary
 10284 | Ossuary  | Learned a level 4 spell: Ice Form
 10290 | Ossuary  | Learned a level 5 spell: Blade Hands
 11036 | D:8      | Killed a two-headed ogre
 11037 | D:8      | Reached skill level 9 in Unarmed Combat
 11037 | D:8      | Reached XP level 10. HP: 32/68 MP: 14/14
 11560 | D:8      | Found a glowing silver altar of Zin.
 11562 | D:8      | Found a hazy altar of Hepliaklqana.
 11563 | D:8      | Found a shadowy altar of Dithmenos.
 11563 | D:8      | Found a white marble altar of Elyvilon.
 11763 | D:8      | Reached skill level 1 in Ice Magic
 11801 | D:8      | Found a staircase to the Lair.
 12508 | D:9      | Noticed a two-headed ogre
 12514 | D:9      | Killed a two-headed ogre
 12515 | D:9      | Reached skill level 10 in Unarmed Combat
 13039 | D:9      | Found a stormy altar of Qazlal.
 13247 | D:9      | Gained mutation: You cannot study or use magical devices.
                  | [Ru sacrifice]
 13247 | D:9      | Reached **** piety under Ru
 13247 | D:9      | Reached ***** piety under Ru
 13387 | D:9      | Noticed a two-headed ogre
 13394 | D:9      | Killed a two-headed ogre
 13395 | D:9      | Reached XP level 11. HP: 69/75 MP: 15/15
 13550 | D:9      | Found a basalt altar of Yredelemnul.
 13729 | D:10     | Entered Level 10 of the Dungeon
 13760 | D:10     | Noticed a five-headed hydra
 13765 | D:10     | Found Ofa Zext's Antique Armour Shop.
 13792 | D:10     | Killed a five-headed hydra
 14556 | D:10     | Found Lyseig's General Store.
 14603 | D:10     | Bought a scroll of identify for 24 gold pieces
 14603 | D:10     | Bought a scroll of identify for 24 gold pieces
 14614 | D:10     | Noticed Urug
 14628 | D:10     | Killed Urug
 14703 | D:10     | Reached skill level 11 in Unarmed Combat
 15062 | D:10     | Noticed a queen ant
 15337 | D:10     | Killed a queen ant
 15767 | D:10     | Found Jenlulyv's Distillery.
 15776 | D:10     | Bought a potion of attraction for 36 gold pieces
 15960 | D:10     | Found Qekhoof's Antique Weapon Shoppe.
 15961 | D:10     | Found Uggerph's Weapon Boutique.
 16091 | D:10     | Reached XP level 12. HP: 75/84 MP: 16/16
 16238 | D:10     | Found a staircase to the Orcish Mines.
 16334 | D:10     | Learned a level 3 spell: Mephitic Cloud
 16621 | D:11     | Gained mutation: You are hated by all. [Ru sacrifice]
 16668 | D:11     | Noticed Erica
 16675 | D:11     | Killed Erica
 16676 | D:11     | Reached skill level 12 in Unarmed Combat
 17228 | D:11     | Noticed Grum
 17239 | D:11     | Killed Grum
 17528 | D:11     | Noticed a two-headed ogre
 17534 | D:11     | Killed a two-headed ogre
 17869 | Lair:1   | Entered Level 1 of the Lair of Beasts
 17948 | Lair:1   | You fall into a shaft and drop 1 floor!
 17948 | Lair:2   | Found a staircase to the Snake Pit.
 18527 | Lair:2   | HP: 1/104 [yak (6)]
 18623 | Lair:2   | Blown up by a centaur

Illustrated notes

Levels and vault maps discovered:
D:1:      lemuel_arrival_tunnels, layout_loops_ring, grunt_decor_mini_mirrors
D:2:      layout_rooms, overflow_temple_1_default, guppyfry_early_lair_pool,
          uniq_natasha
D:3:      layout_basic, okawaru_gym_becter, overflow_temple_1_default,
          serial_curves, eino_curves_01, eino_curves_02,
          chequers_serial_rivers_micro_b, nicolae_gozag_seed_capital
D:4:      layout_layer_cave, overflow_temple_1_default, uniq_grinder, uniq_robin
D:5:      layout_loops_corners
D:6:      layout_rooms, minmay_temple_entry_grid
D:7:      layout_basic, lemuel_doored_altar, lemuel_coloured_pillars_altar,
          general_overflow_altar, uniq_duvessa
D:8:      layout_gridville, chequers_temple_overflow_statue_of_worship,
          grunt_lair_entry_orc_guard_hut, nicolae_ossuary_entry_monument,
          st_stairs_13
D:9:      layout_loops_ring, lemuel_zombie_altar_yredelemnul,
          grunt_qazlal_clouds, kennysheep_generic_room_13
D:10:     kennysheep_spiral_hall, layout_basic, orc_0_dummy, serial_shops, shop,
          shop, nicolae_shop_statue_plus, nicolae_shop_stone, shop,
          minivault_29, uniq_urug
D:11:     layout_basic, uniq_grum, uniq_erica
Temple:   corrupted_temple
Lair:1:   layout_regular_city, bh_autumn_forest_stairs, st_stairs_12,
          kennysheep_rathole
Lair:2:   layout_long_grid, minmay_snake_entry_six_corridors, forest_entry_grove

Skill      XL: |  1  2  3  4  5  6  7  8  9 10 11 12 |
---------------+-------------------------------------+-----
Fighting       | 2 3 4 6 7 8 9 |  9.7
Unarmed Combat | 4 5 6 7 9 10 11 12 | 12.0
Dodging        | 3 4 5 6 7 8 9 |  9.7
Transmutations | 3 4 5 6 7 8 9 |  9.7
Spellcasting   | 3 |  3.0
Ice Magic      | 4 |  4.0

Action                   |  1- 3 |  4- 6 |  7- 9 | 10-12 || total
-------------------------+-------+-------+-------+-------++-------
Melee: Unarmed           |    80 |    82 |   349 |   520 ||  1031
       Kick              |    19 |    15 |    49 |     2 ||    85
       Constrict         |    18 |    15 |    42 |     8 ||    83
       Punch             |     1 |     1 |    10 |     3 ||    15
       Tentacles         |     5 |    12 |    36 |     7 ||    60
 Cast: Beastly Appendage |    22 |    15 |    30 |     3 ||    70
       Spider Form       |       |     1 |    24 |     8 ||    33
       Ice Form          |       |       |     1 |    52 ||    53
Invok: Sacrifice a Hand  |       |       |     1 |       ||     1
       Sacrifice Artific |       |       |       |     1 ||     1
       Sacrifice Love    |       |       |       |     1 ||     1
  Use: Scroll            |     6 |     1 |    10 |     6 ||    23
       Potion            |       |     1 |     3 |       ||     4
 Stab: Sleeping          |     3 |     5 |     4 |     5 ||    17
       Paralysed         |       |       |       |     7 ||     7
       Distracted        |       |       |       |     3 ||     3
Armor: Skin              |     7 |     7 |    10 |    60 ||    84
Dodge: Dodged            |    51 |    32 |   247 |   259 ||   589

Table legend: (Time is in decaauts)
 A = Elapsed time spent in this place.
 B = Non-inter-level travel time spent in this place.
 C = Inter-level travel time spent in this place.
 D = Time resting spent in this place.
 E = Time spent auto-exploring this place.
 F = Levels seen in this place.
 G = Mean time per level.
                   A        B        C        D        E       F      G
               +--------+--------+--------+--------+--------+-----+--------+
         Total |  18461 |  17655 |    806 |   2784 |  12320 |  15 | 1230.7 |
       Dungeon |  17257 |  16469 |    788 |   2357 |  11812 |  11 | 1568.8 |
        Temple |     43 |     27 |     16 |      0 |     27 |   1 |   43.0 |
          Lair |    733 |    733 |      0 |    285 |    306 |   2 |  366.5 |
       Ossuary |    427 |    427 |      0 |    142 |    175 |   1 |  427.0 |
               +--------+--------+--------+--------+--------+-----+--------+

Top non-repeatable levels by time:
    D:10: 2655 daAuts
     D:7: 2401 daAuts
     D:4: 1954 daAuts
     D:2: 1724 daAuts
     D:8: 1618 daAuts
    D:11: 1384 daAuts
     D:5: 1380 daAuts
     D:9: 1202 daAuts
     D:3: 1024 daAuts
     D:1: 993 daAuts
     D:6: 916 daAuts
  Lair:2: 655 daAuts
 Ossuary: 427 daAuts
  Lair:1: 77 daAuts
  Temple: 43 daAuts
